 Dungeon Crawl Stone Soup version 0.31-a0-978-g1e143483b6 (webtiles) character file.

Game seed: 16281196044510917310

1629 lunkers the Martial Artist (level 9, 0/61 HPs)
             Began as a Meteoran Shapeshifter on Oct 30, 2023.
             Was an Initiate of Gozag.
             Slain by a kobold
             ... wielding a +0 short sword
              (1 damage)
             ... on level 6 of the Dungeon.
             The game lasted 00:08:29 (2555 turns).

lunkers the Martial Artist (Meteoran Shapeshifter)  Turns: 2555, Time: 00:08:30

Health: 0/61       AC:  7    Str: 21    XL:     9   Next: 40%
Magic:  10/10      EV: 10    Int: 12    God:    Gozag
Gold:   589        SH:  0    Dex: 18    Spells: 8/8 levels left

rFire   . .          .
                       - Unarmed
rCold   . . .        (shield currently unavailable)
rNeg    . . .        y - melded +2 leather armour {rF+}
rPois   .            (helmet currently unavailable)
rElec   .            (cloak currently unavailable)
rCorr   .            (gloves currently unavailable)
SInv    .            (boots currently unavailable)
Will    +....        (no amulet)
Stlth   +            h - ring of flight
HPRegen 0.30/turn    (no ring)
MPRegen 0.12/turn

%: no passive effects
@: snake-form, gold aura, flying, glowing
A: constrict, reduced hp, large, sense surroundings 2, otherworldly, glowing,
explore regen
a: Begin Untransformation, Renounce Religion, Potion Petition, Call Merchant,
Bribe Branch


You were on level 6 of the Dungeon.
You worshipped Gozag.
Gozag was pleased with you.
You were an enormous anaconda.
You visited 2 branches of the dungeon, and saw 7 of its levels.

You collected 625 gold pieces.
You paid 36 gold pieces to Gozag.

Inventory:

Missiles
 t - 4 javelins
 w - a throwing net
Armour
 a - a +0 animal skin
 j - a +0 ring mail
 x - a +0 pair of gloves
 y - a +2 leather armour of fire resistance (melded)
Jewellery
 h - a ring of flight (left hand)
Talismans
 b - a serpent talisman (active)
 c - a beast talisman
 d - a flux talisman
 v - a blade talisman
Wands
 s - a wand of flame (17)
 A - a wand of mindburst (10)
Scrolls
 e - a scroll of noise
 g - a scroll of vulnerability
 o - 2 scrolls of revelation
Potions
 f - a potion of heal wounds
 k - a potion of invisibility
 l - 2 potions of might
 n - 3 potions of curing
 p - a potion of berserk rage
 q - a potion of haste
 z - a potion of mutation {unknown}
 C - 2 potions of attraction {unknown}


   Skills:
 - Level 1.1 Fighting
 - Level 2.1 Dodging
 * Level 11.3 Unarmed Combat
 + Level 7.9 Shapeshifting


You had 8 spell levels left.
You didn't know any spells.
Your spell library contained the following spells:

 Spells                   Type           Power      Damage    Failure   Level
 Magic Dart               Conj           0%         1d3       32%         1
 Call Imp                 Summ           0%         N/A       45%         2
 Sublimation of Blood     Necr           0%         N/A       45%         2
 Mephitic Cloud           Conj/Pois/Air  0%         N/A       69%         3
 Petrify                  Tmut/Erth      0%         N/A       97%         4
 Irradiate                Conj/Tmut      0%         3d11      100%        5


Dungeon Overview and Level Annotations

Branches:
Dungeon (6/15) Zot: 1156   Temple (1/1) D:5 Zot: 531

Altars:
Ashenzari
Cheibriados
Dithmenos
Fedhas
Gozag
Hepliaklqana
Kikubaaqudgha
Makhleb
Nemelex Xobeh
Okawaru
Qazlal
Ru
Sif Muna
Trog
Uskayaw
Wu Jian
Xom
Yredelemnul
Zin
The Shining One

Annotations:
Temple 3 transporters


Innate Abilities, Weirdness & Mutations

You are an enormous anaconda.
You have a powerful constriction melee attack.
Your maximum health is decreased, since you lack skill for your form.
Your armour is entirely melded.
You are incapable of wielding weapons or throwing items.
You passively map the area around you.
You are easily found by Zot.
You glow in the dark.
You regain HP and MP as you explore.


Message History

The ufetubus hits you.
* * * LOW HITPOINT WARNING * * *
You barely miss the ufetubus. Your grab misses the ufetubus.
A gnoll comes into view. It is wielding a +0 flail.
The kobold hits you with a +0 short sword.
* * * LOW HITPOINT WARNING * * *
The gnoll sergeant is distracted by your dazzling golden aura.
The ufetubus hits you but does no damage.
The ufetubus barely misses you.
Unknown command.
The gnoll sergeant shouts!
You hit the ufetubus. You grab the ufetubus.
The ufetubus is heavily wounded.
You constrict the ufetubus, but do no damage.
You hear a shout! x2
The ufetubus hits you.
* * * LOW HITPOINT WARNING * * *
The ufetubus closely misses you. The kobold hits you but does no damage.
A gnoll comes into view. It is wielding a +3 spear.
A gnoll comes into view. It is wielding a +0 flail.
A gnoll comes into view. It is wielding a +0 halberd.
Unknown command.
The gnoll shouts!
You lash the ufetubus!
You kill the ufetubus!
The kobold is no longer distracted by gold.
The gnoll is distracted by your dazzling golden aura.
The gnoll throws a throwing net.
The throwing net closely misses you.
The kobold hits you with a +0 short sword.
* * * LOW HITPOINT WARNING * * *
The kobold hits you with a +0 short sword.
* * * LOW HITPOINT WARNING * * *
You closely miss the kobold.
The gnoll shouts!
You grab the kobold. You constrict the kobold.
The kobold is distracted by your dazzling golden aura.
A gnoll comes into view. It is wielding a +0 flail.
The kobold hits you with a +0 short sword.
You die...
Your body crumbles into a pile of gold.

.. #..# * , * ).#
#..# ** * ...###
#..## , * , , *
.....###...### * .
#<.........##### ,
.. ,
###..........#.#
#... , , ,
#....###.....##.....
##.........K$....#
,, , *
#.........$S.###., ,
, , #...#####.K#..#
, ,,, #####
#......... , , , , ,
##.......#.., , ,,,
#...g..... ,,, ,*
#........#. , **
##....g....,, **
...gg..### *, , * ,
* , ,, *


You could see a gnoll sergeant, 3 gnolls and 2 kobolds.

Vanquished Creatures
  Edmund (D:6)
  2 ice beasts (D:5)
  2 black bears (D:5)
  2 ogres (D:5)
  A centaur (D:5)
  3 phantoms (D:5)
  A kobold brigand (D:6)
  4 scorpions
  3 orc priests (D:5)
  2 sleepcaps
  An orc wizard (D:5)
  A gnoll (D:5)
  8 adders
  A white imp (D:5)
  4 ufetubi
  A dart slug (D:1)
  A worm (D:4)
  20 orcs
  2 ball pythons (D:3)
  4 bats
  5 endoplasms
  5 giant cockroaches
  15 goblins
  3 hobgoblins
  11 jackals
  2 quokkas
  A frilled lizard (D:3)
  9 kobolds
  5 rats
120 creatures vanquished.

Notes
Turn   | Place    | Note
-------+----------+-------------------------------------------
     0 | D:1      | lunkers the Meteoran Shapeshifter began the quest for the
                  | Orb.
     0 | D:1      | Reached XP level 1. HP: 16/16 MP: 2/2
    59 | D:1      | Found a faded altar of an unknown god.
   103 | D:1      | Reached XP level 2. HP: 17/23 MP: 3/3
   111 | D:1      | Reached skill level 4 in Unarmed Combat
   156 | D:1      | Reached XP level 3. HP: 19/28 MP: 4/4
   591 | D:2      | Reached XP level 4. HP: 34/35 MP: 5/5
   633 | D:2      | Reached skill level 5 in Unarmed Combat
   713 | D:2      | Found a blossoming altar of Fedhas.
   935 | D:3      | Found an opulent altar of Gozag.
   944 | D:3      | Reached XP level 5. HP: 40/40 MP: 6/6
   948 | D:3      | Became a worshipper of Gozag Ym Sagoz the Greedy
  1074 | D:4      | Reached skill level 6 in Unarmed Combat
  1128 | D:4      | Reached XP level 6. HP: 29/47 MP: 7/7
  1245 | D:4      | Reached skill level 5 in Shapeshifting
  1505 | D:5      | Entered Level 5 of the Dungeon
  1570 | D:5      | Reached skill level 7 in Unarmed Combat
  1577 | D:5      | Noticed an ogre
  1586 | D:5      | Killed an ogre
  1587 | D:5      | Reached XP level 7. HP: 52/52 MP: 8/8
  1632 | D:5      | Reached skill level 8 in Unarmed Combat
  1757 | D:5      | Reached XP level 8. HP: 42/59 MP: 9/9
  1876 | D:5      | Reached skill level 9 in Unarmed Combat
  2124 | D:5      | Found a staircase to the Ecumenical Temple.
  2140 | Temple   | Found a transporter.
  2140 | Temple   | Found a transporter.
  2140 | Temple   | Found a transporter.
  2140 | Temple   | Found a transporter.
  2140 | Temple   | Entered the Ecumenical Temple
  2250 | D:5      | Reached skill level 10 in Unarmed Combat
  2259 | D:5      | Gained mutation: You passively map the area around you.
                  | [Meteoran growth]
  2259 | D:5      | Reached XP level 9. HP: 49/64 MP: 10/10
  2530 | D:6      | Noticed Edmund
  2536 | D:6      | Reached skill level 11 in Unarmed Combat
  2538 | D:6      | Killed Edmund
  2554 | D:6      | HP: 1/61 [kobold/+0 short sword (4)]
  2555 | D:6      | Slain by a kobold

Illustrated notes

Levels and vault maps discovered:
D:1:      lemuel_arrival_muddy, layout_rooms, hellmonk_ecumenical_altar_lost_god
D:2:      kennysheep_the_goblin_king, layout_rooms, basic_altar,
          serial_bayou_pond_a, minivault_5, chequers_mini_garden, uniq_robin
D:3:      layout_basic, mainiacjoe_overflow_brackets
D:4:      layout_basic, kennysheep_cluttered_room
D:5:      layout_basic, minmay_temple_entry_antechambers, minmay_quadrilaterals
D:6:      layout_layer_cave, roderic_filled_cross, nicolae_elemental_shop,
          uniq_edmund
Temple:   hellmonk_temple_divided_pantheon

Skill      XL: |  1  2  3  4  5  6  7  8  9 |
---------------+----------------------------+-----
Unarmed Combat | 4 5 6 7 8 10 11 | 11.3
Shapeshifting  | 4 5 6 7 |  7.9
Fighting       | |  1.1
Dodging        | |  2.1

Action                     |  1- 3 |  4- 6 |  7- 9 || total
---------------------------+-------+-------+-------++-------
  Melee: Unarmed           |    71 |   124 |   144 ||   339
         Punch             |     3 |     3 |     5 ||    11
         Constrict         |       |       |     6 ||     6
    Use: Scroll            |       |       |    14 ||    14
         Potion            |       |       |     1 ||     1
   Stab: Distracted        |       |       |     1 ||     1
 Armour: Animal skin       |    22 |       |       ||    22
         Ring mail         |    12 |    86 |       ||    98
         Leather armour    |       |     3 |    76 ||    79
         Skin              |       |       |    69 ||    69
  Dodge: Dodged            |    32 |   106 |    99 ||   237
   Form: Anaconda          |       |       |     1 ||     1

Table legend: (Time is in decaauts)
 A = Elapsed time spent in this place.
 B = Non-inter-level travel time spent in this place.
 C = Inter-level travel time spent in this place.
 D = Time resting spent in this place.
 E = Time spent auto-exploring this place.
 F = Levels seen in this place.
 G = Mean time per level.
                   A        B        C        D        E       F      G
               +--------+--------+--------+--------+--------+-----+--------+
         Total |   2511 |   2401 |    110 |     56 |   1487 |   7 |  358.7 |
       Dungeon |   2443 |   2333 |    110 |     28 |   1487 |   6 |  407.2 |
        Temple |     68 |     68 |      0 |     28 |      0 |   1 |   68.0 |
               +--------+--------+--------+--------+--------+-----+--------+

Top non-repeatable levels by time:
     D:5: 922 daAuts
     D:4: 500 daAuts
     D:1: 458 daAuts
     D:2: 264 daAuts
     D:3: 262 daAuts
  Temple: 68 daAuts
     D:6: 33 daAuts
